[Event "Early-Titled-Tuesday-Blitz-December-26-2023"]
[Site "Chess.com"]
[Date "2023.12.26"]
[Round "9"]
[White "Keaton87"]
[Black "R2D2PTY"]
[Result "1-0"]
[WhiteElo "2652"]
[BlackElo "2256"]
[TimeControl "180+1"]
[EndTime "9:45:58 PST"]
[Termination "Keaton87 won by resignation"]

1. e4 e5 2. Ke2 Nc6 3. c3 Nf6 4. d3 d5 5. Nd2 Bc5 6. Ngf3 Ng4 7.
exd5 Nxf2 8. Qb3 Nxh1 9. dxc6 bxc6 10. Qc4 Bd6 11. g3 O-O 12. Bg2 Be6 13. Qxc6 f5 14.
Bxh1 e4 15. Nd4 Bd7 16. Qd5+ Kh8 17. dxe4 fxe4 18. Nxe4 Bg4+ 19. Kd3 Qc8 20. Nxd6 cxd6 21. Bf4 Qa6+ 22. Qb5 Qc8 23. Bxa8 Qxa8 24. Re1 Rb8 25. Qc6 Bf5+ 26. Kc4 Rc8 27. Re8+ Rxe8 28. Qxa8 Rxa8 29. Bxd6 Kg8 30. Kd5 Bg6 31. b3 Re8 32. c4 Re1 33. c5 Be4+ 34. Kc4 Rd1 35. a4 Kf7 36. Be5 Rc1+ 37.
Kb5 Ke7 38. Bxg7 Kd7 39. b4 Bd3+ 40. Ka5 Rc4 41. Be5 Be4 42. b5 Bd5 43. c6+ Kc8 44. Nf5 Re4 45. Nd6+ Kc7 46. Nxe4+ 1-0

[Event "Early-Titled-Tuesday-Blitz-December-26-2023"]
[Site "Chess.com"]
[Date "2023.12.26"]
[Round "9"]
[White "bubeliang"]
[Black "Dinosaurio_1975"]
[Result "0-1"]
[WhiteElo "2762"]
[BlackElo "2631"]
[TimeControl "180+1"]
[EndTime "9:46:01 PST"]
[Termination "Dinosaurio_1975 won by checkmate"]

1. e4 c6 2. d4 d5 3. Nc3 dxe4 4.
Nxe4 Nf6 5. Ng5 h6 6. Nxf7 Kxf7 7. Nf3 Nbd7 8. Bc4+ e6 9. O-O Bd6 10. Re1 Re8 11. Bd3 Kg8 12. Ne5 c5 13. Bxh6 gxh6 14. Qf3 Qe7 15. c3 cxd4 16. cxd4 Qg7 17. Re3 Bxe5 18. dxe5 Nd5 19. Re4 Nxe5 20. Qe2 Kh8 21. Bc2 Rg8 22. g3 Nf7 23. Re1 e5 24. Bb3 Nf6 25. Rh4 Bg4 26. Qe3 Raf8 27. h3 Bf5 28. g4 Qg5 29. Qxg5 Rxg5 30. Kh2 Bh7 31. Bxf7 Rxf7 32.
Rxh6 Kg7 33. Rh4 e4 34. Kg3 Nd5 35. Rd1 Rf3+ 36. Kg2 Nf4+ 37. Kf1 Rd5 38. Rc1 Rd7 39. g5 e3 40. Kg1 Rxf2 41. g6 Ne2+ 42. Kh1 Bxg6 43.
Re1 Ng3+ 44. Kg1 Ne2+ 45. Kh1 Be4+ 46. Rxe4 Ng3+ 47. Kg1 Nxe4 48. Rxe3 Rd1+ 49. Re1 Rxe1# 0-1

[Event "Early-Titled-Tuesday-Blitz-December-26-2023"]
[Site "Chess.com"]
[Date "2023.12.26"]
[Round "9"]
[White "IlanSchnaider"]
[Black "Statham_l3"]
[Result "0-1"]
[WhiteElo "2668"]
[BlackElo "2582"]
[TimeControl "180+1"]
[EndTime "9:46:02 PST"]
[Termination "Statham_l3 won by checkmate"]

1. e4 e5 2. Nf3 Nc6 3. Bc4 Nf6 4. d3 h6 5. O-O d6 6. a4 g5 7. a5 Bg7 8. Nc3 g4 9. Nd2 h5 10. a6 b6 11. Nd5 Be6 12. Bb5 Bd7 13. c3 Nxd5 14. exd5 Ne7 15. Qa4 Bxb5 16. Qxb5+ Qd7 17. Qxd7+ Kxd7 18. c4 f5 19. Re1 h4 20. Nf1 Raf8 21. Bg5 Ng6 22. Bd2 f4 23. b4 f3 24. g3 hxg3 25. Nxg3 Nf4 26. Re4 Nh3+ 27. Kf1 Nxf2 28. Kxf2 Rxh2+ 29. Ke1 Rf4 30. Bxf4 exf4 31. Nf1 Bc3+ 32.
Kd1 Rf2 33. Ra3 Rxf1+ 34. Kc2 Bxb4 35. Ra4 Bc5 36. d4 Rf2+ 37. Kd1 g3 38. dxc5 g2 39.
c6+ Kd8 40. Re1 Rf1 41. Kd2 Rxe1 42. Ra1 Rxa1 43. c5 g1=Q 44. cxd6 Qe3+ 45. Kc2 Ra2+ 46. Kb1 Qb3+ 47. Kc1 Qc2# 0-1

[Event "Early-Titled-Tuesday-Blitz-December-26-2023"]
[Site "Chess.com"]
[Date "2023.12.26"]
[Round "9"]
[White "Lady_Nika"]
[Black "zverr1"]
[Result "0-1"]
[WhiteElo "2589"]
[BlackElo "2496"]
[TimeControl "180+1"]
[EndTime "9:46:02 PST"]
[Termination "zverr1 won by resignation"]

1. d4 Nf6 2. e3 g6 3. f4 Bg7 4. Nf3 O-O 5. Be2 d5 6. O-O c5 7. c3 Nc6 8. Ne5 Bf5 9. Nd2 Rc8 10. h3 Ne4 11. Nxe4 Bxe4 12. Bd3 Nxe5 13. fxe5 Bxd3 14. Qxd3 f6 15. exf6 exf6 16. Bd2 c4 17. Qc2 f5 18.
b3 Re8 19. Rab1 Qd7 20. bxc4 Rxc4 21. Qb3 b6 22. Rf3 Bh6 23. Rbf1 Rc6 24. Kh1 Rce6 25. c4 dxc4 26. Qxc4 Kh8 27. d5 Re4 28. Qb3 Bg7 29.
Rd1 R8e5 30. Bc3 Re8 31. Bb4 a5 32. Ba3 b5 33. d6 b4 34. Bb2 Bxb2 35. Qxb2+ Qg7 36.
d7 Qxb2 37. g4 Qe5 38. gxf5 gxf5 39. Rdf1 Rd8 40. Rxf5 Qe7 41. Rf7 Qxd7 42. Rxd7 Rxd7 43. Rf8+ Kg7 44. Ra8 Rxe3 45. Kg2 Rd2+ 46. Kf1 Rc3 47. Ra7+ Kg6 48. Ke1 Rxa2 49. Ra6+ Kf5 50. Kd1 Rb3 51. Kc1 Rc3+ 52. Kb1 Rh2 53. Rxa5+ Ke4 54. Rh5 Rb3+ 55. Kc1 Rg3 56. Rh4+ Kf3 57. Rf4+ Kxf4 0-1

[Event "Early-Titled-Tuesday-Blitz-December-26-2023"]
[Site "Chess.com"]
[Date "2023.12.26"]
[Round "9"]
[White "stratacticos"]
[Black "GMT4114"]
[Result "1-0"]
[WhiteElo "1859"]
[BlackElo "2007"]
[TimeControl "180+1"]
[EndTime "9:46:02 PST"]
[Termination "stratacticos won on time"]

1. e4 e6 2. d4 d5 3. e5 c5 4. c3 Nc6 5. Nf3 Bd7 6. dxc5 Bxc5 7. b4 Bb6 8. b5 Nce7 9. Bd3 Ng6 10. O-O N8e7 11. a4 Rc8 12. Ba3 Nf4 13. Bc2 a6 14. bxa6 bxa6 15. g3 Nfg6 16. Qd3 Qc7 17. Bd6 Qa7 18. h4 Nf5 19. Kg2 h5 20. Ba3 Bc6 21.
Ra2 d4 22. cxd4 Nfxh4+ 23. gxh4 Nf4+ 24. Kg3 Nxd3 25. Bxd3 Bxf3 26. Kxf3 Bxd4 27. Re1 Bc5 28. Bxc5 Rxc5 29. Nd2 O-O 30. Ne4 Rc7 31. Nd6 Rd8 32. Be4 Qd4 33. Rae2 g6 34. Bb1 Qxa4 35. Ne4 Kg7 36. Rg1 Rd4 37. Ng5 Rg4 38. Rg3 Qf4+ 39.
Kg2 Rxg3+ 40. fxg3 Qc1 41. Be4 Rc4 42. Rf2 1-0

[Event "Early-Titled-Tuesday-Blitz-December-26-2023"]
[Site "Chess.com"]
[Date "2023.12.26"]
[Round "9"]
[White "Aleksandar-Topalov"]
[Black "AjedrezInteligente"]
[Result "1-0"]
[WhiteElo "2379"]
[BlackElo "2520"]
[TimeControl "180+1"]
[EndTime "9:46:03 PST"]
[Termination "Aleksandar-Topalov won by resignation"]

1. b3 d5 2. Bb2 Nf6 3. Nf3 c6 4. g3 Bf5 5. Bg2 h6 6. O-O e6 7. d3 Be7 8. Nbd2 O-O 9. a3 a5 10. c4 Nbd7 11. Bc3 Re8 12. b4 axb4 13. axb4 Bd6 14.
Qc2 Qe7 15. e4 dxe4 16. dxe4 Bg6 17. c5 Bc7 18. Nd4 Ne5 19. f3 Red8 20. Rfd1 b6 21. f4 Nfg4 22. fxe5 Ne3 23. Qb3 Nxd1 24. Rxd1 Qe8 25. Nc4 bxc5 26. bxc5 Rdb8 27. Qc2 Qe7 28. Nd6 Qg5 29. Nf3 Qe3+ 30. Kh1 Bxd6 31. cxd6 Bxe4 32. Qd2 Qxd2 33. Bxd2 Bd5 34. Nd4 c5 35. Nc6 Bxc6 36. Bxc6 Ra6 37. Be4 f5 38. Bd3 Rc6 39. Bc4 Kf7 40. Ra1 Rcb6 41. Ra7+ R8b7 42. Rxb7+ Rxb7 43. Ba5 g5 44. Kg2 Ra7 45. Bc7 Ra8 46. d7 Ke7 47.
d8=Q+ Rxd8 48. Bxd8+ Kxd8 49. Bxe6 f4 50. gxf4 gxf4 51.
Kf3 Ke7 52. Bc4 Kd7 53. Kxf4 Ke7 54. Kf5 h5 55. Kg5 h4 56. Kxh4 Kd7 57. Kg5 Ke7 58. h4 Kf8 59. h5 1-0

[Event "Early-Titled-Tuesday-Blitz-December-26-2023"]
[Site "Chess.com"]
[Date "2023.12.26"]
[Round "9"]
[White "marvinguevara"]
[Black "Ducke13"]
[Result "1-0"]
[WhiteElo "2236"]
[BlackElo "2388"]
[TimeControl "180+1"]
[EndTime "9:46:03 PST"]
[Termination "marvinguevara won on time"]

1. e4 c5 2. d4 cxd4 3. c3 dxc3 4. Nxc3 d6 5. Bc4 Nc6 6. Nf3 a6 7. O-O Nf6 8. Qe2 Bg4 9. Rd1 e6 10. Bf4 Qa5 11. h3 Bxf3 12. Qxf3 Be7 13. Qg3 Nh5 14. Qg4 Nxf4 15. Qxf4 O-O 16. Bb3 Rac8 17. Rd3 Ne5 18.
Rg3 Ng6 19. Qg4 Rc5 20. f4 Bf6 21. Rf1 Rfc8 22. f5 exf5 23. exf5 Ne5 24. Qh5 Qd8 25. Ne4 Qe7 26. Qh6 Kf8 27. Qxh7 Ke8 28. Nxc5 Rxc5 29.
Kh1 Kd7 30. Qh5 b5 31. a4 Nc6 32. axb5 axb5 33. Qf3 Bxb2 34. f6 gxf6 35. Rg7 Be5 36. Rxf7 Rc3 37. Rxe7+ Nxe7 38. Qg4+ Kc7 39. Qe6 Nc6 40.
Bd5 Kb6 41. Qd7 Nd4 42. Qb7+ Ka5 43. Ra1+ Kb4 44. Qa6 Nb3 45. Bxb3 Rxb3 46. Qa5+ Kc4 47. Rc1+ Kd5 48. Qd2+ 1-0

[Event "Early-Titled-Tuesday-Blitz-December-26-2023"]
[Site "Chess.com"]
[Date "2023.12.26"]
[Round "9"]
[White "FunnyDuck66"]
[Black "GiorgianBarbosa"]
[Result "1-0"]
[WhiteElo "2481"]
[BlackElo "2474"]
[TimeControl "180+1"]
[EndTime "9:46:04 PST"]
[Termination "FunnyDuck66 won by checkmate"]

1. d4 Nf6 2. Nf3 e6 3. Bg5 Be7 4.
Nbd2 O-O 5. c3 d5 6. e3 c5 7. Bd3 b6 8. O-O Ba6 9. Bxa6 Nxa6 10. Ne5 Nc7 11. f4 Nce8 12. Rf3 Nd6 13. Rh3 Rc8 14. Bxf6 Bxf6 15. Qh5 h6 16. Ng4 Nf5 17.
Ne5 g6 18. Qf3 Bg7 19. g4 Nd6 20. Rg3 b5 21. a3 a5 22. dxc5 Rxc5 23. Nd3 Rc8 24.
Kg2 Nc4 25. Nb3 Nd6 26. Nd2 Qb6 27. h4 Ne4 28. Nxe4 dxe4 29. Qxe4 Rfd8 30. Rd1 Rc4 31. Qf3 Rc6 32. Nf2 Rcd6 33. Rxd6 Rxd6 34. h5 Rd2 35. hxg6 fxg6 36. Qe4 Kf7 37. f5 exf5 38. gxf5 g5 39. Rf3 Bf6 40. Qg4 Bg7 41. Qh5+ Kg8 42. f6 Bxf6 43.
Qg6+ Kh8 44. Rxf6 Qb7+ 45. Rf3 Rxb2 46. Qxh6+ Kg8 47. Qxg5+ Kh7 48. e4 Re2 49. Rh3# 1-0

[Event "Early-Titled-Tuesday-Blitz-December-26-2023"]
[Site "Chess.com"]
[Date "2023.12.26"]
[Round "9"]
[White "DeyanKostov"]
[Black "Lion-Al-Messi"]
[Result "0-1"]
[WhiteElo "2483"]
[BlackElo "2614"]
[TimeControl "180+1"]
[EndTime "9:46:05 PST"]
[Termination "Lion-Al-Messi won by resignation"]

1. d4 Nf6 2. c4 b6 3. Nc3 Bb7 4. d5 e6 5. a3 Bd6 6. e4 Be5 7. Nge2 exd5 8. exd5 Qe7 9. g3 O-O 10. Bg2 Bxc3+ 11. bxc3 Re8 12. Bf3 d6 13. O-O Nbd7 14.
Nd4 Ne5 15. Be2 Ba6 16. Qa4 Bc8 17. Bg5 Bh3 18. Rfe1 h6 19. Bf4 Nd3 20. Nc6 Qe4 21. f3 Qg6 22. Bxd3 Qxd3 23. Qd1 Rxe1+ 24. Qxe1 Re8 25. Qd2 Qxf3 26. Nd4 Qh5 27. Re1 Re4 28. Rxe4 Nxe4 29. Qe2 Qxe2 30. Nxe2 Bg4 31. Nd4 Nxc3 32. Kf2 Bd7 33. Ke1 Nb1 34. Bc1 a5 35. Ke2 Nc3+ 36.
Kd3 Na4 37. Be3 Nc5+ 38. Kc2 f5 39. Ne2 g5 40. h4 Ne4 41. hxg5 hxg5 42. Kd3 Kf7 43. g4 Nc5+ 44. Bxc5 dxc5 45. gxf5 Bxf5+ 46. Ke3 Kf6 47. Nc3 Bd7 48. Ke4 Be8 49. Kf3 Ke5 50. Ke3 g4 51. Ne4 Bg6 52. Ng3 a4 53. Ne2 Bc2 54. Nc1 Bb3 55. Nd3+ Kf5 56. Nb2 g3 57. Kf3 g2 58. Kxg2 Ke4 59. Kf2 Kd4 0-1

[Event "Early-Titled-Tuesday-Blitz-December-26-2023"]
[Site "Chess.com"]
[Date "2023.12.26"]
[Round "9"]
[White "ZaidejasChEgis"]
[Black "Ziyamammadov"]
[Result "1-0"]
[WhiteElo "2225"]
[BlackElo "1886"]
[TimeControl "180+1"]
[EndTime "9:46:11 PST"]
[Termination "ZaidejasChEgis won by checkmate"]

1. e4 e6 2. d4 d5 3. Nc3 dxe4 4. Nxe4 Nd7 5. Nf3 Ngf6 6. Bd3 Nxe4 7. Bxe4 Nf6 8. Bd3 c5 9. dxc5 Bxc5 10. O-O O-O 11. Bg5 h6 12. Bh4 b6 13. Ne5 Bd6 14. Qe2 Be7 15. f4 Qd4+ 16. Kh1 Nd5 17. Bxe7 Nxe7 18. c3 Qd6 19. Qe4 g6 20. Qxa8 f6 21. Qe4 fxe5 22.
fxe5 Qc5 23. Rxf8+ Kxf8 24. Rf1+ Kg7 25. Qf4 Nf5 26.
Bxf5 exf5 27. Rd1 Be6 28. a3 g5 29. Qd4 Qb5 30. b4 Qe2 31. Qd8 Kg6 32. Qf6+ Kh5 33. Rg1 Bc8 34. Qf7+ Kg4 35. Qd5 Kh4 36. c4 f4 37. c5 Bf5 38. Qf3 Qd2 39. g3+ Kh3 40.
gxf4+ Kh4 41. fxg5 hxg5 42. Qg3+ Kh5 43. Qf3+ Kh4 44.
cxb6 g4 45. Qg3+ Kh5 46. Qg2 Qc2 47. Qxc2 Bxc2 48. Re1 Be4+ 49. Rxe4 axb6 50. e6 Kg5 51. e7 Kh4 52. e8=Q Kh3 53. Qe6 Kh4 54. Qxg4# 1-0

[Event "Early-Titled-Tuesday-Blitz-December-26-2023"]
[Site "Chess.com"]
[Date "2023.12.26"]
[Round "9"]
[White "Matols"]
[Black "MikeSailer"]
[Result "1-0"]
[WhiteElo "2391"]
[BlackElo "2194"]
[TimeControl "180+1"]
[EndTime "9:46:18 PST"]
[Termination "Matols won on time"]

1. d4 d5 2. c4 Bf5 3. cxd5 Bxb1 4. Rxb1 Qxd5 5. Nf3 Nc6 6. e3 O-O-O 7. Bd2 e5 8. dxe5 Nxe5 9. Nxe5 Qxe5 10. Qc2 Nf6 11. Bd3 Bd6 12. Bc3 Qh5 13. Be2 Qh4 14. g3 Qg5 15.
Bf3 h5 16. h4 Qb5 17. a4 Qa6 18. Qf5+ Kb8 19. Qb5 Qxb5 20. axb5 Rhe8 21. Ke2 Be5 22.
Rhd1 Rxd1 23. Rxd1 Bxc3 24. bxc3 Kc8 25. c4 g6 26. Rd4 Nd7 27. Bxb7+ Kxb7 28. Rxd7 Rf8 29. c5 f5 30. Kd3 Rf6 31. Kc4 Re6 32. Rg7 Rf6 33.
Kd5 a6 34. bxa6+ Kxa6 35. Rxc7 Rf8 36. Rg7 Rd8+ 37. Ke5 Rd2 38. Rxg6+ Kb5 39. Kxf5 Rxf2+ 40. Kg5 Kxc5 41. Kxh5 Rf3 42. g4 Rxe3 43. g5 Kd5 44.
Rf6 Rh3 45. Kg4 Rh1 46. h5 Ke5 47. Rf2 Rg1+ 48. Kh4 Rh1+ 49. Kg4 Rg1+ 50. Kh4 Rh1+ 51. Kg3 Rxh5 52. Kg4 Rh1 53. Re2+ Kd6 54. Kf5 Rf1+ 55. Kg6 1-0

[Event "Early-Titled-Tuesday-Blitz-December-26-2023"]
[Site "Chess.com"]
[Date "2023.12.26"]
[Round "9"]
[White "szefru"]
[Black "thechesscorner64"]
[Result "0-1"]
[WhiteElo "2265"]
[BlackElo "2413"]
[TimeControl "180+1"]
[EndTime "9:46:18 PST"]
[Termination "thechesscorner64 won by resignation"]

1. e4 c5 2. Nf3 e6 3. b3 d6 4.
Bb2 Nf6 5. e5 dxe5 6. Nxe5 Be7 7.
f4 O-O 8. Bd3 Qc7 9. O-O Nc6 10.
Ng4 Nd4 11. Nc3 Nxg4 12. Qxg4 g6 13. Ne4 f5 14. Qh3 fxe4 15. Bxe4 e5 16. Qh6 Be6 17.
Bxg6 Bf6 18. Be4 Qg7 19. Qxg7+ Kxg7 20. Bxd4 cxd4 21. Bxb7 Rad8 22. Be4 Bd5 23. Bxd5 Rxd5 24. fxe5 Bxe5 25. Rxf8 Kxf8 26. Rf1+ Ke7 27. d3 Rc5 28. Rf2 Kd6 29. g3 a5 30. a4 Rc7 31. Kg2 Kd5 32.
h3 Rc6 33. g4 Rf6 34. Re2 h6 35. h4 Bf4 36. Kh3 Be3 37. Kg3 Rf1 38. Rg2 Ke5 39.
Kh3 Rf3+ 40. Kh2 Rf2 41. Kg3 Rxg2+ 42. Kxg2 Kf4 43. Kh3 Kf3 44. g5 hxg5 45. hxg5 Bxg5 46. b4 axb4 47. a5 Bd8 48. a6 Bb6 49. Kh4 Ke3 50. Kg4 Kd2 51. Kf3 Kxc2 52. Ke4 b3 53. Kd5 b2 54.
Kc6 Ba7 55. Kb7 Bc5 56. Kc6 b1=Q 57. Kxc5 Qb8 58. Kxd4 Qb6+ 59. Ke4 Qxa6 60. d4 Qd6 61. d5 Kc3 62. Ke3 Qxd5 0-1

[Event "Early-Titled-Tuesday-Blitz-December-26-2023"]
[Site "Chess.com"]
[Date "2023.12.26"]
[Round "9"]
[White "viktorskliarov"]
[Black "defenceboy"]
[Result "1-0"]
[WhiteElo "2663"]
[BlackElo "2768"]
[TimeControl "180+1"]
[EndTime "9:46:21 PST"]
[Termination "viktorskliarov won by checkmate"]

1. e4 c5 2. Nf3 Nc6 3. Bb5 g6 4.
O-O Bg7 5. Re1 e5 6. Bxc6 dxc6 7. d3 Qe7 8. Be3 Nf6 9. h3 O-O 10. Nbd2 Nh5 11. a3 Nf4 12. b4 cxb4 13. axb4 Qxb4 14. Qb1 Qe7 15. Nc4 a6 16. Ra5 b5 17. Nb6 Rb8 18. Nxc8 Rbxc8 19. Rxa6 Ne6 20. Qa1 h5 21. Qc3 c5 22. Qa5 b4 23. Nd2 g5 24. Nc4 g4 25.
hxg4 hxg4 26. g3 Rfd8 27. Nb6 Rb8 28. Nd5 Qb7 29. Ra7 Qb5 30. Ne7+ Kf8 31. Nf5 Qxa5 32.
Rxa5 Rdc8 33. Rea1 b3 34. cxb3 Rxb3 35. R1a3 Rxa3 36. Rxa3 Bf6 37. Ra7 Rd8 38. Ra5 Rxd3 39. Bxc5+ Nxc5 40. Rxc5 Kg8 41. Rc8+ Kh7 42. Kg2 Kg6 43.
Rc6 Kg5 44. Rc8 Kg6 45. Rg8+ Kh5 46. Rf8 Kg6 47. Rg8+ Kh5 48. Ne3 Rd4 49. Nxg4 Be7 50. Nxe5 Rxe4 51. Nxf7 Bc5 52. Rg5# 1-0

[Event "Early-Titled-Tuesday-Blitz-December-26-2023"]
[Site "Chess.com"]
[Date "2023.12.26"]
[Round "9"]
[White "Angry_Twin"]
[Black "Szparu"]
[Result "0-1"]
[WhiteElo "2944"]
[BlackElo "2895"]
[TimeControl "180+1"]
[EndTime "9:46:26 PST"]
[Termination "Szparu won by checkmate"]

1. e4 e6 2. d4 d5 3. Nd2 Be7 4. Ngf3 Nf6 5. e5 Nfd7 6. Bd3 c5 7. c3 Nc6 8. O-O a5 9. a4 cxd4 10. cxd4 Nb4 11. Bb1 b6 12. Re1 Ba6 13. Nf1 Rc8 14.
Ra3 Nb8 15. Rc3 N8c6 16. Ng3 h5 17. h3 Kd7 18. Be3 Kc7 19. Qd2 Kb7 20. Rec1 f6 21. exf6 gxf6 22. Bf4 e5 23. dxe5 d4 24. Nxd4 Qxd4 25.
Qxd4 Nxd4 26. exf6 Bc5 27. Re1 Ka7 28. f7 Nd5 29. Be5 Nxc3 30. bxc3 Nc6 31. Bxh8 Rxh8 32. Re8 Rf8 33. Bg6 h4 34. Ne4 Be7 35. Nf6 Bc4 36.
Nd7 Rxf7 37. Bxf7 Bxf7 38. Rh8 Be6 39. Nf8 Bb3 40. Ng6 Bf6 41. Rh6 Bxc3 42. Nxh4 Bxa4 43. Nf5 Bb5 44. Nd6 Ka6 45. Ne4 Bd4 46. g4 a4 47. g5 a3 48. Nd2 a2 49. Nb3 Ba4 50.
Rxc6 Bxc6 51. h4 Bd5 52. h5 Bxb3 53. g6 a1=Q+ 54. Kg2 Bd5+ 55. Kg3 Qg1+ 56. Kf4 Qxf2+ 57. Kg5 Be3+ 58. Kg4 Be6# 0-1

[Event "Early-Titled-Tuesday-Blitz-December-26-2023"]
[Site "Chess.com"]
[Date "2023.12.26"]
[Round "9"]
[White "Mikhail_Golubev"]
[Black "Evgeny81"]
[Result "1-0"]
[WhiteElo "2637"]
[BlackElo "2763"]
[TimeControl "180+1"]
[EndTime "9:46:27 PST"]
[Termination "Mikhail_Golubev won by resignation"]

1. e4 e5 2. Nf3 Nc6 3. Bc4 Nf6 4. Ng5 d5 5. exd5 Na5 6. Bb5+ Bd7 7. Qe2 Be7 8. Nc3 Bxb5 9. Qxb5+ c6 10. dxc6 Nxc6 11.
d3 O-O 12. Nf3 Nd4 13. Nxd4 exd4 14. Ne4 Rc8 15. O-O Nxe4 16. dxe4 Rxc2 17. Qd3 Qc8 18. Rd1 Rd8 19. Rb1 Bh4 20. Bd2 h6 21. Rdc1 Rc6 22.
Rxc6 Qxc6 23. Rc1 Qe6 24. b3 Bg5 25. f4 Bf6 26. h3 Bh4 27. Kh2 a6 28. Rc4 Bf2 29. Qf3 b5 30. Rc1 Bh4 31. Qd3 Re8 32. e5 Rd8 33. Qe4 Be7 34. Rc6 Qd7 35. Rxa6 d3 36.
e6 Qd5 37. Qxd5 Rxd5 38. Ra8+ Rd8 39. Rxd8+ Bxd8 40. exf7+ Kxf7 41. Kg3 Ke6 42. Kf3 Kd5 43. Ke3 h5 44. Kxd3 Bb6 45. a4 bxa4 46. bxa4 g6 47. a5 Bc7 48. a6 Kc6 49. Be3 Bd6 50. a7 Kb7 51. Ke4 Be7 52. f5 gxf5+ 53. Kxf5 h4 54. Kg6 Bd8 55. Kh5 Be7 56. Kg4 Bd8 57. Bf2 Bc7 58. Kxh4 1-0

[Event "Early-Titled-Tuesday-Blitz-December-26-2023"]
[Site "Chess.com"]
[Date "2023.12.26"]
[Round "9"]
[White "KorolDimitriy75"]
[Black "malakismayil"]
[Result "0-1"]
[WhiteElo "2370"]
[BlackElo "2538"]
[TimeControl "180+1"]
[EndTime "9:46:29 PST"]
[Termination "malakismayil won on time"]

1. d4 Nf6 2. c4 e6 3. Nc3 d5 4. Bg5 Be7 5. cxd5 exd5 6. e3 O-O 7.
Bd3 c6 8. Qc2 h6 9. Bh4 Nbd7 10.
Nge2 Nb6 11. f3 Be6 12. O-O Re8 13. Rad1 Rc8 14. Bf2 c5 15. h3 Qd7 16. Bb5 Qc7 17. Bxe8 Rxe8 18. Nb5 Qd7 19. dxc5 Rc8 20. Nbd4 Rxc5 21.
Qb3 Nc4 22. e4 Rc8 23. Nxe6 fxe6 24. Nc3 a6 25. Rfe1 b5 26. a3 Bf8 27. Qc2 Qf7 28. exd5 exd5 29. Re2 Bd6 30. Qf5 Rd8 31. Bd4 Bc7 32. Bxf6 Qxf6 33. Qxf6 gxf6 34. Nxd5 Bb6+ 35. Kh1 Kf7 36. Re7+ Kg6 37. Re6 Bc5 38. Rxf6+ Kg7 39. Rf5 Nd6 40. Re5 Nf7 41. Ree1 Bf2 42. Rf1 Bg3 43.
Nc3 Rc8 44. Ne4 Be5 45. b4 Bf4 46. Rf2 Ne5 47. Re2 Nc4 48. Nc5 Bg3 49. Rd7+ Kf6 50. Re6+ Kf5 51. Rf7+ Kg5 52. Rg7+ Kh4 53. Rg4+ Kh5 54. Rxg3 Rd8 55. Kh2 Nd2 56. Rf6 Nf1+ 0-1

[Event "Early-Titled-Tuesday-Blitz-December-26-2023"]
[Site "Chess.com"]
[Date "2023.12.26"]
[Round "9"]
[White "Sina_Movahed"]
[Black "MightyGMpretender"]
[Result "0-1"]
[WhiteElo "2995"]
[BlackElo "2764"]
[TimeControl "180+1"]
[EndTime "9:46:30 PST"]
[Termination "MightyGMpretender won on time"]

1. e4 g6 2. d4 Bg7 3. Nc3 a6 4. h4 h5 5. Nf3 b5 6. Ng5 d6 7. e5 Nh6 8. Qf3 Ra7 9. Bd3 Bg4 10. Qg3 Nc6 11. e6 fxe6 12. Bxg6+ Kd7 13. d5 exd5 14.
Nxd5 Nd4 15. c3 Ndf5 16. Qd3 e6 17. Ne3 Qf6 18. Bxf5 Bxf5 19. Qe2 Bg6 20. Nc2 Nf5 21. Be3 Raa8 22. Rd1 Rhf8 23. Nd4 Nxd4 24. Bxd4 e5 25.
Be3 Qf5 26. Rh3 Qc2 27. Rd2 Qb1+ 28. Rd1 Qxa2 29. Rg3 Qc4 30. Qxc4 bxc4 31. Nh7 Bd3 32. Rxg7+ Kc6 33. Nxf8 Rxf8 34. f3 Rb8 35. b4 cxb3 36.
Rxd3 b2 37. Rd1 b1=Q 38. Rxb1 Rxb1+ 39. Kd2 a5 40. g4 a4 41. Rg8 Kb7 42. Kc2 Re1 43. Bg5 hxg4 44. fxg4 Rg1 45. h5 Rg2+ 46. Kd3 a3 47. h6 a2 48. h7 Rh2 49. h8=Q Rxh8 50.
Rxh8 a1=Q 51. Ke4 Qd1 52. Kf5 Qf3+ 53. Kg6 Qd3+ 54. Kh5 Qh3+ 55. Bh4 Qf3 56. Rh6 e4 57.
Rf6 Qd1 58. Re6 Qd5+ 0-1

[Event "Early-Titled-Tuesday-Blitz-December-26-2023"]
[Site "Chess.com"]
[Date "2023.12.26"]
[Round "9"]
[White "Bauman_Guy"]
[Black "Pendos666"]
[Result "0-1"]
[WhiteElo "2911"]
[BlackElo "2879"]
[TimeControl "180+1"]
[EndTime "9:46:33 PST"]
[Termination "Pendos666 won on time"]

1. e4 c6 2. d4 d5 3. e5 Bf5 4.
h4 h5 5. Bd3 Bxd3 6. Qxd3 Qa5+ 7. Nd2 e6 8. Nf3 c5 9. O-O c4 10. Qe2 Nh6 11. Rd1 Be7 12. b3 c3 13. Nf1 Nd7 14. a3 Nf5 15. g3 Qa6 16. Rd3 Rc8 17.
Qe1 Qc6 18. Ne3 Nxe3 19. Bxe3 f6 20. Bf4 Nf8 21. Re3 Kf7 22. Qf1 Ng6 23. Rae1 Nxf4 24. gxf4 Rce8 25. b4 Rh6 26. exf6 gxf6 27. f5 exf5 28.
Qd3 Rg6+ 29. Kh1 Qd7 30. Ng1 Rg4 31. Nf3 Re4 32. Nh2 Bd6 33. f3 Rxe3 34. Rxe3 Rxe3 35. Qxe3 Qe6 36. Qf2 Bf4 37. Nf1 b5 38. Kg2 Kf8 39.
Kh3 a6 40. Ng3 Qe3 41. Qxe3 Bxe3 42. Nxf5 Bc1 43. Ng3 Bxa3 44. Nxh5 Kf7 45. Nf4 Bxb4 46. Nxd5 Ba5 47. h5 b4 48. Ne3 Bb6 49. Nc4 Bxd4 50. Kg4 b3 51. Na3 bxc2 52. Nxc2 Bc5 53. Kf5 a5 54.
Ke4 a4 55. Kd3 Kg7 56. Kxc3 Kh6 57. Kc4 Bf8 58. Kb5 a3 59. Kc4 Kxh5 60. Kd3 Kg5 61. Ke4 f5+ 62. Kd3 a2 63. Kc4 Bg7 0-1

[Event "Early-Titled-Tuesday-Blitz-December-26-2023"]
[Site "Chess.com"]
[Date "2023.12.26"]
[Round "9"]
[White "Azalea95"]
[Black "ShahMatKanal"]
[Result "0-1"]
[WhiteElo "2316"]
[BlackElo "2515"]
[TimeControl "180+1"]
[EndTime "9:46:39 PST"]
[Termination "ShahMatKanal won by resignation"]

1. e4 e5 2. Nf3 Nc6 3. Bc4 f5 4. d3 Nf6 5. Qe2 fxe4 6. dxe4 d6 7. h3 Na5 8. Nc3 Nxc4 9. Qxc4 c6 10. Bg5 Qe7 11. O-O-O Be6 12. Qa4 b5 13. Qa6 Qc7 14.
Rhe1 Bc8 15. Qa3 d5 16. Qb3 d4 17. Nxb5 cxb5 18. Qxb5+ Bd7 19. Qxe5+ Qxe5 20. Nxe5 Bc5 21. c3 Rc8 22. Bxf6 gxf6 23. Nxd7 Kxd7 24. Kb1 Bb6 25. cxd4 Rc4 26. Re2 Rhc8 27. b3 Rb4 28. Red2 a5 29. Kb2 a4 30. f3 Ra8 31. d5 Kd6 32. Rd3 Bc5 33. a3 Rb7 34. b4 Bb6 35. R3d2 Rc8 36. Rc2 Rbc7 37. Rdc1 Bd4+ 38. Kb1 Rc3 39. Rxc3 Rxc3 40.
Rxc3 Bxc3 41. Kc2 Bd4 42. g4 h6 43. h4 Bf2 44. h5 Be3 45. Kb1 Kc7 46. Kc2 Bf4 47.
Kc3 Kb6 48. Kc2 Kb5 49. Kc3 Be5+ 50. Kc2 Kc4 51. Kb1 Kb3 52. b5 Kxa3 53. b6 Kb3 54. b7 a3 55. d6 a2+ 56. Kc1 a1=Q+ 57. Kd2 Qc3+ 58. Ke2 Bxd6 0-1

[Event "Early-Titled-Tuesday-Blitz-December-26-2023"]
[Site "Chess.com"]
[Date "2023.12.26"]
[Round "9"]
[White "campochess"]
[Black "NovakRatko"]
[Result "0-1"]
[WhiteElo "2189"]
[BlackElo "2432"]
[TimeControl "180+1"]
[EndTime "9:46:39 PST"]
[Termination "NovakRatko won on time"]

1. Nf3 d5 2. b3 c5 3. Bb2 Nc6 4. e3 f6 5. Bb5 e5 6. d4 e4 7. Nfd2 cxd4 8. Bxd4 a6 9. Bxc6+ bxc6 10. O-O f5 11. Nc3 Nf6 12. Na4 Be7 13. Rc1 O-O 14.
c4 a5 15. cxd5 cxd5 16. f3 Ba6 17. Rf2 Rc8 18. Rxc8 Qxc8 19. fxe4 dxe4 20. Nc4 Bxc4 21. Nb6 Qb8 22. Nxc4 Ng4 23. Be5 Nxe5 24. Qd5+ Nf7 25.
Rxf5 Bf6 26. Qxe4 Re8 27. Qc6 a4 28. Qxa4 Rd8 29. Rf1 Qb7 30. Qa5 Ra8 31. Qf5 Rxa2 32. e4 h6 33. Kh1 Re2 34. h3 Qxe4 35. Qxe4 Rxe4 36. Rf5 Ne5 37. Nd6 Re1+ 38. Kh2 Nd3 39. Nc4 Rb1 40. Rb5 Kh7 41. Kg3 Rf1 42. Ne3 Rb1 43. Nc4 h5 44. h4 Re1 45. Rf5 Rb1 46. Rb5 Nc1 47. Rxh5+ Kg6 48. Rb5 Rxb3+ 49. Rxb3 Nxb3 50.
Kg4 Nd4 51. Ne3 Ne6 52. Nf5 Be5 53. h5+ Kf6 54. Nh4 Bc3 55. Kf3 Bd2 56. g4 Ng5+ 57.
Ke2 Bc3 58. Nf3 Nxf3 59. Kxf3 Kg5 60. Kg3 Bd2 61. Kh3 Be1 0-1